AoeStats
← Kanata

Arena

510226811Analyzed
1v1 RM · 1d ago on Sep 30, 2026· 32m 54s· 2 players
Game mode
Random Map
Map size
Tiny (2 player)
Population
200
Speed
Normal
Resources
Standard
Victory
Conquest
Starting age
Dark Age
Ending age
Imperial Age
RankedLock teamsTeams togetherTeam positionsShared explorationLock speedFull tech treeHidden civsTurbo modeCheats
Victory
Defeat
🇨🇳 Bohemians · China
453
+16
🇺🇸 Sicilians · United States
461
-16
Kanata
13:05 Feudal Age
13:29 Horse Collar
13:40 Double-Bit Axe
18:31 Castle Age
16:25 Man-at-Arms
17:41 Scale Mail Armor
19:10 Long Swordsman
20:19 Heavy Plow
22:00 Fletching
23:17 Wheelbarrow
25:53 Hand Cart
30:58 Murder Holes
30:59 Loom
eukaeh
0:29 Loom
13:03 Feudal Age
14:50 Wheelbarrow
14:00 Town Watch
16:25 Arson
22:52 Castle Age
23:19 Scale Mail Armor
23:30 Forging
23:26 Scale Barding Armor
23:13 Fletching
29:45 Horse Collar
30:01 Double-Bit Axe
31:57 Hand Cart
31:53 Heavy Plow
32:27 Bow Saw
Connection lost

Rejoining the realm…

Still unreachable

The connection could not be restored.

Session expired

The server has moved on; the page needs a fresh start.